 Dungeon Crawl Stone Soup version 0.22-a0-192-g6ffc940 (webtiles) character file.

29113 Azzok the Earth Mage (level 13, 0/82 HPs)
             Began as a Gargoyle Earth Elementalist on Feb 16, 2018.
             Was an Elder of Vehumet.
             Slain by a death yak (13 damage)
             ... on level 4 of the Lair of Beasts.
             The game lasted 00:45:30 (21632 turns).

Azzok the Earth Mage (Gargoyle Earth Elementalist) Turns: 21632, Time: 00:45:31

Health: 0/82       AC: 14    Str: 11    XL:     13   Next: 43%
Magic:  7/22       EV: 12    Int: 22    God:    Vehumet [****..]
Gold:   875        SH:  0    Dex: 13    Spells: 11/25 levels left

rFire    . . .     SeeInvis .   b - staff of conjuration
rCold    . . .     Gourm    .   (no shield)
rNeg     + . .     Faith    .   c - +0 robe
rPois    ∞         Spirit   .   j - +1 hat
rElec    +         Reflect  .   R - +0 cloak {MR+}
rCorr    .         Harm     .   (no gloves)
MR       +....                  (no boots)
Stlth    ++........             (no amulet)
HPRegen  0.23/turn              O - +3 ring of dexterity
MPRegen  0.18/turn              z - +1 ring of protection

@: no status effects
A: negative energy resistance 1, electricity resistance, unbreathing,
petrification resistance, rot immunity, AC +9
a: Renounce Religion


You were on level 4 of the Lair of Beasts.
You worshipped Vehumet.
Vehumet was greatly pleased with you.
You were not hungry.

You visited 2 branches of the dungeon, and saw 17 of its levels.

You collected 875 gold pieces.

Inventory:

Hand Weapons
 a - a +1 dagger of venom
Missiles
 S - 97 stones (quivered)
Armour
 c - a +0 robe (worn)
 j - a +1 hat (worn)
 R - a +0 cloak of magic resistance (worn)
Magical Staves
 b - an uncursed staff of conjuration (weapon)
 J - an uncursed staff of death
Jewellery
 z - a +1 ring of protection (right hand)
 C - an uncursed ring of see invisible
 O - a +3 ring of dexterity (left hand)
Wands
 i - a wand of iceblast (13)
 L - a wand of clouds (13)
Scrolls
 d - 3 scrolls of blinking
 g - 3 scrolls of immolation
 o - 2 scrolls of amnesia
 p - 2 scrolls of magic mapping
 q - 12 scrolls of teleportation
 u - 3 scrolls of identify
 v - a scroll of remove curse
 y - 4 scrolls of enchant armour {unknown}
 A - 3 scrolls of fog {unknown}
 D - a scroll of torment {unknown}
 F - a scroll of brand weapon {unknown}
 G - a scroll of acquirement {unknown}
 H - 2 scrolls of fear {unknown}
Potions
 f - 6 potions of curing
 h - a potion of ambrosia {unknown}
 k - 2 potions of mutation {unknown}
 m - 3 potions of invisibility {unknown}
 n - a potion of degeneration {unknown}
 r - 2 potions of berserk rage
 s - a potion of agility {unknown}
 t - a potion of flight {unknown}
 w - 2 potions of heal wounds {unknown}
 x - a potion of resistance
 B - a potion of brilliance {unknown}
 E - a potion of lignification {unknown}
 I - 3 potions of haste {unknown}
 Q - 2 potions of might {unknown}
Books
 e - a book of Callings

   Spells                             Type                      Level
   a - Summon Small Mammal            Summoning                    1
   b - Call Imp                       Summoning                    2
   c - Call Canine Familiar           Summoning                    3
   d - Summon Guardian Golem          Hexes/Summoning              3
   e - Summon Lightning Spire         Summoning/Air                4
   f - Summon Ice Beast               Ice/Summoning                4
Comestibles
 l - 11 rations
 K - a chunk of flesh


   Skills:
 - Level 10.0 Fighting
 - Level 1.5 Dodging
 - Level 2.1 Stealth
 + Level 6.5 Spellcasting
 + Level 14.2 Conjurations
   Level 0.7 Transmutations
 + Level 16.2 Earth Magic


You had 11 spell levels left.
You knew the following spells:

 Your Spells              Type           Power        Failure   Level  Hunger
a - Sandblast             Erth           ######       0%          1    None
b - Stone Arrow           Conj/Erth      ######       1%          3    #......
c - Lee's Rapid Deconstr  Erth           ######....   1%          5    #####..
d - Bolt of Magma         Conj/Fire/Erth ######....   1%          5    #####..


Dungeon Overview and Level Annotations

Branches:
Dungeon (12/15)            Temple (0/1) D:7            Lair (5/6) D:11
  Swamp (0/4) Lair:3        Snake (0/4) Lair:3          Orc (0/2) D:11
  Slime: Lair:5-6

Altars:
Ashenzari
Hepliaklqana
Qazlal
Sif Muna
Vehumet
Yredelemnul

Shops:
D:6 (

Annotations:
D:6 varam's ghost, novice NaFE


Innate Abilities, Weirdness & Mutations

You are resistant to torment.
Your stone body is resilient. (AC +9)
You are immune to poison.
You resist negative energy. (rN+)
You are resistant to electric shocks. (rElec)
You can survive without breathing.
You are immune to petrification.
You are immune to rotting.


Message History

The death yak gores you!
* * * LOW HITPOINT WARNING * * *
Casting: Stone Arrow (safe; 1% risk of failure)
Confirm with . or Enter, or press ? or * to list all spells.
Aiming: Stone Arrow (safe; 1% risk of failure)
Press: ? - help, Shift-Dir - straight line, f/p - death yak
Aim: a death yak (heavily wounded)
You feel a surge of power!
The stone arrow hits the death yak.
The death yak is severely wounded.
The death yak gores you.
* * * LOW HITPOINT WARNING * * *
Casting: Stone Arrow (safe; 1% risk of failure)
Confirm with . or Enter, or press ? or * to list all spells.
Aiming: Stone Arrow (safe; 1% risk of failure)
Press: ? - help, Shift-Dir - straight line, f/p - death yak
Aim: a death yak (severely wounded)
You feel a surge of power!
The stone arrow hits the death yak.
The death yak is almost dead.
The death yak gores you!
You die...

▒▒···▒····▒P···········▒▒····
▒P···▒····▒▒···PP············
▒P··▒▒·····▒···▒P······▒▒····
▒▒··▒▒····▒····▒▒······▒▒····
▒··▒▒▒▒▒·▒▒···▒▒···▒▒▒▒▒····
▒···▒▒▒▒······▒▒▒·▒·▒▒▒▒····
▒··························÷
▒▒·········Y·················
▒P··········@················
▒▒·········†·················
▒P·························÷·
▒▒··▒·▒·▒▒········▒▒P·▒▒▒····
▒··▒▒▒▒▒▒▒·······▒▒▒·▒▒▒··F·
▒▒··▒▒▒·▒·▒·······▒▒··†▒·····
▒····▒▒············▒·········
▒···▒▒···▒·▒······▒····▒··<··
▒▒····▒▒··▒▒·:·····▒··········


You could see a death yak.

Vanquished Creatures
  Kirke (Lair:4)
  Josephine (Lair:4)
  4 hydras
  Harold (Lair:3)
  5 death yaks
  Urug (Lair:3)
  Pikel (D:7)
  An ugly thing (D:10)
  A black mamba (Lair:4)
  13 spiny frogs
  Psyche (D:8)
  9 komodo dragons
  2 rime drakes
  3 trolls
  A hornet (D:11)
  3 blink frogs (Lair:5)
  A hippogriff (D:11)
  A meliai zombie (D:8)
  Prince Ribbit (D:8)
  A redback (D:11)
  A basilisk (Lair:3)
  5 wraiths
  9 yaks
  A hog (Lair:3)
  A steam dragon (D:11)
  2 hungry ghosts
  A naga (Lair:3)
  A warg (D:11)
  2 water moccasins
  4 porcupines
  2 slaves (D:7)
  3 ice beasts
  6 orc warriors
  An eye of draining (D:11)
  A necrophage (D:11)
  A phantom (D:7)
  6 wolves
  5 ogres
  2 centaurs
  10 crocodiles
  3 big kobolds
  14 bullfrogs
  A jelly (D:10)
  2 scorpions
  15 killer bees
  3 wights (D:10)
  3 howler monkeys
  2 bullfrog zombies
  A crimson imp (D:8)
  2 hounds
  2 bullfrog skeletons
  8 orc priests
  13 orc wizards
  Crazy Yiuf (D:7)
  4 iguanas
  5 worker ants
  4 gnolls
  7 adders
  A shadow imp (D:9)
  3 oozes
  4 worms
  A dart slug (D:3)
  7 leopard geckos
  46 orcs
  3 ball pythons
  3 bats (D:3)
  3 giant cockroaches
  5 hobgoblins
  12 jackals
  19 kobolds
  4 quokkas
  4 frilled lizards
  14 goblins
  A jackal skeleton (D:4)
  A leopard gecko skeleton (D:4)
  3 rats
340 creatures vanquished.

Vanquished Creatures (others)
  2 humans (Lair:4)
  2 crimson imps (D:7)
  A leopard gecko (D:7)
  A bat (D:3)
  A quokka (D:7)
  6 fungi
  4 plants
17 creatures vanquished.

Grand Total: 357 creatures vanquished

Notes
Turn   | Place    | Note
-------+----------+-------------------------------------------
     0 | D:1      | Azzok the Gargoyle Earth Elementalist began the quest for the Orb.
     0 | D:1      | Reached XP level 1. HP: 10/10 MP: 3/3
    24 | D:1      | Reached skill level 4 in Earth Magic
    24 | D:1      | Reached XP level 2. HP: 15/15 MP: 1/5
   556 | D:1      | Reached skill level 5 in Earth Magic
   556 | D:1      | Reached XP level 3. HP: 19/19 MP: 3/6
   564 | D:1      | Learned a level 3 spell: Stone Arrow
  1772 | D:2      | Reached skill level 1 in Conjurations
  1772 | D:2      | Reached XP level 4. HP: 24/24 MP: 0/7
  2552 | D:2      | Found a stormy altar of Qazlal.
  2573 | D:2      | Reached skill level 6 in Earth Magic
  2685 | D:2      | Reached XP level 5. HP: 28/28 MP: 0/8
  3551 | D:3      | Reached skill level 7 in Earth Magic
  3559 | D:3      | Found a radiant altar of Vehumet.
  3639 | D:3      | Became a worshipper of Vehumet
  3675 | D:3      | Reached XP level 6. HP: 31/32 MP: 6/9
  4068 | D:3      | Learned a level 5 spell: Lee's Rapid Deconstruction
  4671 | D:4      | Reached XP level 7. HP: 21/36 MP: 3/10
  5000 | D:4      | Reached skill level 8 in Earth Magic
  5502 | D:4      | Reached * piety under Vehumet
  5502 | D:4      | Offered knowledge of Sting by Vehumet.
  5629 | D:5      | Entered Level 5 of the Dungeon
  6156 | D:5      | Reached skill level 5 in Conjurations
  6526 | D:6      | Reached skill level 9 in Earth Magic
  6526 | D:6      | Reached XP level 8. HP: 41/41 MP: 8/11
  6674 | D:6      | Found Huggyuf's Antique Weapon Boutique.
  6711 | D:6      | Noticed varam's ghost (novice NaFE)
  7612 | D:7      | Found a basalt altar of Yredelemnul.
  7764 | D:7      | Found a runed door.
  7768 | D:7      | Noticed Crazy Yiuf
  7771 | D:7      | Killed Crazy Yiuf
  7830 | D:7      | Found a staircase to the Ecumenical Temple.
  7894 | D:7      | Noticed Pikel
  7894 | D:7      | Reached skill level 10 in Earth Magic
  7903 | D:7      | Killed Pikel
  7903 | D:7      | Reached XP level 9. HP: 45/45 MP: 7/12
  8006 | D:7      | Reached ** piety under Vehumet
  8006 | D:7      | Offered knowledge of Freeze by Vehumet.
  8138 | D:7      | Found a hazy altar of Hepliaklqana.
  8206 | D:7      | Reached skill level 1 in Fighting
  8564 | D:8      | Noticed Prince Ribbit
  8655 | D:8      | Reached skill level 11 in Earth Magic
  8784 | D:8      | Killed Prince Ribbit
  8827 | D:8      | Found a deep blue altar of Sif Muna.
  8827 | D:8      | Found a shattered altar of Ashenzari.
  9568 | D:8      | Noticed Psyche
  9576 | D:8      | Killed Psyche
  9810 | D:9      | Reached XP level 10. HP: 55/58 MP: 9/13
 10144 | D:9      | Offered knowledge of Throw Frost by Vehumet.
 10144 | D:9      | Reached skill level 5 in Fighting
 10144 | D:9      | Reached skill level 12 in Earth Magic
 10472 | D:10     | Entered Level 10 of the Dungeon
 10721 | D:10     | Noticed a green ugly thing
 10731 | D:10     | Killed a green ugly thing
 10731 | D:10     | Reached skill level 10 in Conjurations
 11069 | D:10     | Reached *** piety under Vehumet
 11689 | D:11     | Found a staircase to the Lair.
 11710 | D:11     | Offered knowledge of Static Discharge by Vehumet.
 11928 | D:10     | Reached skill level 13 in Earth Magic
 12114 | D:10     | Reached XP level 11. HP: 54/67 MP: 7/14
 12266 | D:11     | Noticed a seven-headed hydra
 12271 | D:11     | Killed a seven-headed hydra
 12767 | D:11     | Reached **** piety under Vehumet
 12997 | D:11     | Offered knowledge of Irradiate by Vehumet.
 13303 | D:11     | Found a staircase to the Orcish Mines.
 13538 | Lair:1   | Entered Level 1 of the Lair of Beasts
 13855 | Lair:1   | Reached skill level 14 in Earth Magic
 14164 | Lair:1   | Noticed a six-headed hydra
 14167 | Lair:1   | Killed a six-headed hydra
 14377 | Lair:1   | Got a scintillating bone ring
 15009 | Lair:2   | Reached XP level 12. HP: 68/76 MP: 5/15
 15163 | Lair:2   | Identified the ring "Ulih" {rPois MR- Str+8 Dex-5 SInv} (You found it on level 1 of the Lair of Beasts)
 15188 | Lair:2   | Noticed a death yak
 15188 | Lair:2   | Noticed a death yak
 15188 | Lair:2   | Noticed a death yak
 15712 | Lair:2   | Noticed a death yak
 15716 | Lair:2   | Noticed a death yak
 15718 | Lair:2   | Noticed a death yak
 16576 | Lair:3   | Noticed Harold
 16591 | Lair:2   | Reached skill level 10 in Fighting
 16710 | Lair:3   | Noticed Urug
 16829 | Lair:3   | Killed Urug
 17217 | Lair:2   | Killed a death yak
 17274 | Lair:2   | Killed a death yak
 17403 | Lair:3   | Killed a death yak
 17403 | Lair:3   | Reached skill level 15 in Earth Magic
 17639 | Lair:3   | Noticed an eight-headed hydra
 17645 | Lair:3   | Killed an eight-headed hydra
 17862 | Lair:3   | Reached ***** piety under Vehumet
 17864 | Lair:3   | Offered knowledge of Bolt of Magma by Vehumet.
 17927 | Lair:3   | Learned a level 5 spell: Bolt of Magma
 17938 | Lair:3   | Found a staircase to the Snake Pit.
 18080 | Lair:3   | Killed Harold
 18436 | Lair:3   | Found a staircase to the Swamp.
 18839 | Lair:4   | Noticed Josephine
 19055 | Lair:3   | Reached skill level 5 in Spellcasting
 19303 | Lair:4   | Killed Josephine
 19303 | Lair:4   | Reached XP level 13. HP: 82/82 MP: 13/20
 19387 | Lair:4   | Noticed Kirke
 19576 | Lair:4   | Killed Kirke
 20397 | Lair:4   | Reached skill level 16 in Earth Magic
 21632 | Lair:4   | Slain by a death yak

Vault maps used:
D:1:      minmay_arrival_up_and_down, lexackson_kobold_supper
D:2:      nicolae_qazlal_eye_of_the_storm
D:3:      fiery_altar_vehumet
D:5:      first_ration
D:6:      hangedman_cross_stitches, dancing_weapons_uskayaw, serial_shops, shop,
          minmay_ogre_servants
D:7:      nicolae_overflow_hidden_temple, nicolae_overflow_crystal_walls,
          minmay_temple_entry_enclosed_plants, uniq_crazy_yiuf_cottage,
          uniq_pikel
D:8:      chequers_temple_overflow_statue_of_worship, grunt_pizzeria,
          uniq_psyche, uniq_prince_ribbit1
D:11:     david_lair_shrubbed, david_orc_1_choice, minmay_pinched_square
D:12:     uniq_nergalle, uniq_sonja
Lair:1:   cheibrodos_lair_river_kwai
Lair:2:   minmay_holes, grunt_megastairs_1, serial_bayou_shore_b
Lair:3:   minmay_swamp_entry_reptiles, guppyfry_snake_entry_island,
          beast_lair_carwin_3, uniq_harold, uniq_urug
Lair:4:   grunt_megastairs_3, uniq_josephine, uniq_kirke
Lair:5:   nicolae_lair_yak_garden

Skill      XL: |  1  2  3  4  5  6  7  8  9 10 11 12 13 |
---------------+----------------------------------------+-----
Earth Magic    | 4 5 6 7 9 10 11 13 14 15 16 | 16.2
Conjurations   | 1 2 4 5 8 9 10 12 13 14 | 14.2
Fighting       | 4 7 9 10 | 10.0
Spellcasting   | 5 6 |  6.5
Dodging        | |  1.5
Stealth        | |  2.1
Transmutations | |  0.7

Action                   |  1- 3 |  4- 6 |  7- 9 | 10-12 | 13-15 || total
-------------------------+-------+-------+-------+-------+-------++-------
Melee: Unarmed           |     1 |       |       |       |       ||     1
       Short sword       |    41 |    26 |       |       |       ||    67
       Dagger            |       |    99 |   133 |   154 |    16 ||   402
       Staff             |       |       |       |     2 |       ||     2
 Cast: Sandblast         |    27 |     5 |    57 |   166 |    17 ||   272
       Stone Arrow       |    12 |    26 |    60 |   179 |    66 ||   343
       Lee's Rapid Decon |       |       |       |     7 |     7 ||    14
  Use: Scroll            |       |       |     5 |     8 |     1 ||    14
 Stab: Sleeping          |       |     5 |     4 |     1 |       ||    10
  Eat: Chunk             |     1 |     9 |    23 |    32 |     8 ||    73
       Ration            |     1 |     1 |       |     5 |     1 ||     8
Armor: Robe              |    24 |    44 |    72 |   134 |    18 ||   292
Dodge: Dodged            |    47 |    74 |   106 |   211 |    21 ||   459

Table legend:
 A = Spawn XP
 B = Non-spawn XP
 C = Spawn XP percentage of total XP
 D = Spawn monster count
 E = Non-spawn monster count
 F = Spawn count percentage of total count
 G = Total turns spent on level
                    A         B        C        D         E        F      G
               +---------+---------+-------+---------+---------+-------+---------
         Total |       0 |   41590 |   0.0 |       0 |     338 |   0.0 | 21632
               +---------+---------+-------+---------+---------+-------+---------
           D:1 |       0 |      62 |   0.0 |       0 |      23 |   0.0 |  1356
           D:2 |       0 |     129 |   0.0 |       0 |      18 |   0.0 |  1495
           D:3 |       0 |     134 |   0.0 |       0 |      28 |   0.0 |  1355
           D:4 |       0 |     533 |   0.0 |       0 |      30 |   0.0 |  1423
           D:5 |       0 |     281 |   0.0 |       0 |      10 |   0.0 |  1464
           D:6 |       0 |     217 |   0.0 |       0 |      10 |   0.0 |   253
           D:7 |       0 |    1490 |   0.0 |       0 |      24 |   0.0 |  1273
           D:8 |       0 |    1794 |   0.0 |       0 |      21 |   0.0 |  1182
           D:9 |       0 |     650 |   0.0 |       0 |      14 |   0.0 |   671
          D:10 |       0 |    2949 |   0.0 |       0 |      39 |   0.0 |  1425
          D:11 |       0 |    4473 |   0.0 |       0 |      35 |   0.0 |  1639
        Lair:1 |       0 |    4496 |   0.0 |       0 |      14 |   0.0 |  1256
        Lair:2 |       0 |    4682 |   0.0 |       0 |      18 |   0.0 |  2462
        Lair:3 |       0 |    9361 |   0.0 |       0 |      28 |   0.0 |  2125
        Lair:4 |       0 |    8144 |   0.0 |       0 |      19 |   0.0 |  1715
        Lair:5 |       0 |    2195 |   0.0 |       0 |       7 |   0.0 |   536
               +---------+---------+-------+---------+---------+-------+---------
